 Dungeon Crawl Stone Soup version 0.23.0 (webtiles) character file.

Game seed: 11893866539307849174

397 Gadfly the Ruffian (level 6, -1/50 HPs)
             Began as a Draconian Transmuter on Feb 17, 2019.
             Was a Believer of Sif Muna.
             Slain by an iguana (13 damage)
             ... on level 5 of the Dungeon.
             The game lasted 00:09:42 (3391 turns).

Gadfly the Ruffian (Draconian Transmuter)           Turns: 3391, Time: 00:09:42

Health: -1/50      AC: -2    Str: 14    XL:     6   Next: 53%
Magic:  9/11       EV: 26    Int: 19    God:    Sif Muna [**....]
Gold:   241        SH:  0    Dex: 21    Spells: 1/12 levels left

rFire    + . .     SeeInvis .     - Unarmed
rCold    + . .     Gourm    .   (shield currently unavailable)
rNeg     + . .     Faith    .   (armour unavailable)
rPois    .         Spirit   .   (helmet currently unavailable)
rElec    +         Reflect  .   (cloak currently unavailable)
rCorr    +         Harm     .   (gloves currently unavailable)
MR       .....                  (boots currently unavailable)
Stlth    +++.......             (no amulet)
HPRegen  0.16/turn              h - ring of positive energy
MPRegen  0.12/turn              (no ring)

@: brilliant, agile, spider-form (expiring), resistant (expiring), corroded
A: tiny, unfitting armour, AC +6
a: End Transformation, Divine Energy, Renounce Religion


You were on level 5 of the Dungeon.
You worshipped Sif Muna.
Sif Muna was pleased with you.
You were hungry.
You were a venomous arachnid creature.
You visited 1 branch of the dungeon, and saw 5 of its levels.

You collected 241 gold pieces.

Inventory:

Hand Weapons
 y - a +1 dagger of protection
Missiles
 a - 48 arrows
 e - 6 javelins (quivered)
 q - 2 tomahawks
Jewellery
 h - a ring of positive energy (left front leg)
Wands
 r - a wand of random effects (4)
Scrolls
 g - a scroll of identify
 j - 5 scrolls of enchant weapon
 l - a scroll of enchant armour {unknown}
 m - 3 scrolls of magic mapping {unknown}
 o - a scroll of remove curse {unknown}
 p - a scroll of amnesia {unknown}
 t - a scroll of teleportation {unknown}
 v - a scroll of fear {unknown}
 z - a scroll of fog {unknown}
Potions
 b - 2 potions of haste
 f - a potion of might
 i - 2 potions of ambrosia
 n - 2 potions of curing
Comestibles
 c - 7 rations
 w - a chunk of flesh


   Skills:
 + Level 2.5 Fighting
 + Level 2.6 Dodging
 * Level 4.4 Unarmed Combat
 * Level 3.6 Spellcasting
 + Level 3.4 Transmutations
 + Level 1.7 Invocations
 + Level 0.5 Evocations


You had one spell level left.
You knew the following spells:

 Your Spells              Type           Power        Failure   Level  Hunger
a - Beastly Appendage     Tmut           ####..       1%          1    None
b - Spider Form           Tmut/Pois      ###.......   5%          3    ###....
c - Sticks to Snakes      Tmut           ####....     1%          2    ##.....
d - Blade Hands           Tmut           ####......   17%         5    ######.

Your spell library contained the following spells:

 Spells                   Type           Power        Failure   Level  Hunger
 Ice Form                 Ice/Tmut       ###.....     13%         4    ####...


Dungeon Overview and Level Annotations

Branches:
Dungeon (5/15)
 Temple: D:4-7

Altars:
Ashenzari
Elyvilon
Hepliaklqana
Kikubaaqudgha
Sif Muna
Uskayaw
Wu Jian
Xom


Innate Abilities, Weirdness & Mutations

((Your plain brown scales are hard. (AC +6)))
You cannot fit into any form of body armour.
((You are cold-blooded and may be slowed by cold attacks.))


Message History

You barely miss the jelly.
The jelly is almost dead.
The jelly completely misses you. The iguana closely misses you.
The worm completely misses you.
Unknown command.
You hit the jelly but do no damage.
Your front legs burn!
The jelly is almost dead.
The jelly closely misses you. The iguana misses you.
You hit the jelly.
You kill the jelly!
Sif Muna accepts your kill.
Your transformation is almost over.
You start to feel less resistant.
The worm completely misses you. The iguana bites you!
* * * LOW HITPOINT WARNING * * *
You hit the iguana.
The iguana is poisoned.
The iguana is moderately wounded.
You hit the iguana.
The iguana looks as sick as possible!
The iguana is heavily wounded.
The iguana bites you!
You die...

.$...........#.
...........>...
...............
..............
#............
#.....(......
#....lw......
#....s.......
#.>.........#
#..........##
##?...>..%.#
#.....!...#
########....
.### #


You could see a worm and an iguana.

Vanquished Creatures
  A howler monkey (D:4)
  A jelly (D:5)
  An orc priest (D:2)
  2 orc wizards (D:4)
  Natasha (thrice) (D:4)
  A worker ant (D:4)
  A hound skeleton (D:4)
  4 adders
  An ooze (D:3)
  An adder skeleton (D:4)
  A worm (D:2)
  3 dart slugs (D:1)
  3 leopard geckos
  8 orcs
  2 ball pythons
  7 bats
  A bat zombie (D:2)
  3 giant cockroaches
  9 hobgoblins
  2 jackals (D:4)
  6 goblins
  5 kobolds
  A leopard gecko skeleton (D:4)
  5 rats (D:1)
  2 rat zombies (D:2)
74 creatures vanquished.

Vanquished Creatures (others)
  A bat (D:3)
1 creature vanquished.

Grand Total: 75 creatures vanquished

Notes
Turn   | Place    | Note
-------+----------+-------------------------------------------
     0 | D:1      | Gadfly the Draconian Transmuter began the quest for the
                  | Orb.
     0 | D:1      | Reached XP level 1. HP: 16/16 MP: 3/3
   112 | D:1      | Reached XP level 2. HP: 22/23 MP: 3/5
   611 | D:2      | Reached XP level 3. HP: 28/28 MP: 4/6
   674 | D:2      | Found a shimmering altar of Xom.
   679 | D:2      | Learned a level 3 spell: Spider Form
   682 | D:2      | Learned a level 2 spell: Sticks to Snakes
   721 | D:2      | Found a faded altar of an unknown god.
   724 | D:2      | Became a worshipper of Sif Muna the Loreminder
   724 | D:2      | Reached * piety under Sif Muna
   902 | D:2      | Found an ornate altar of the Wu Jian Council.
  1165 | D:2      | Reached XP level 4. HP: 36/36 MP: 6/8
  1169 | D:2      | Found an ancient bone altar of Kikubaaqudgha.
  1661 | D:3      | Found a hazy altar of Hepliaklqana.
  1897 | D:3      | Found a white marble altar of Elyvilon.
  1901 | D:3      | Found a hide-covered altar of Uskayaw.
  1906 | D:3      | Found a deep blue altar of Sif Muna.
  2051 | D:4      | Noticed Natasha
  2059 | D:4      | Killed Natasha
  2059 | D:4      | Reached XP level 5. HP: 26/41 MP: 5/9
  2070 | D:4      | Noticed Natasha
  2084 | D:4      | Killed Natasha
  2084 | D:4      | Reached skill level 4 in Unarmed Combat
  2084 | D:4      | Reached skill level 1 in Invocations
  2298 | D:4      | Noticed Natasha
  2316 | D:4      | Killed Natasha
  2316 | D:4      | Reached ** piety under Sif Muna
  2722 | D:4      | Reached XP level 6. HP: 32/49 MP: 8/11
  2757 | D:4      | Learned a level 5 spell: Blade Hands
  2888 | D:4      | Found a shattered altar of Ashenzari.
  3197 | D:5      | Entered Level 5 of the Dungeon
  3391 | D:5      | Slain by an iguana

Skill      XL: |  1  2  3  4  5 |
---------------+----------------+-----
Dodging        | 2 |  2.6
Fighting       | 2 |  2.5
Spellcasting   | 3 |  3.6
Unarmed Combat | 4 |  4.4
Transmutations | 3 |  3.4
Invocations    | 1 |  1.7
Evocations     | |  0.5

Action                   |  1- 3 |  4- 6 || total
-------------------------+-------+-------++-------
Melee: Unarmed           |   122 |   167 ||   289
       Tailslap          |     9 |    11 ||    20
       Headbutt          |     9 |     4 ||    13
       Kick              |     5 |     5 ||    10
       Punch             |       |     1 ||     1
Throw: Javelin           |     2 |       ||     2
 Cast: Beastly Appendage |    15 |     9 ||    24
       Spider Form       |     2 |    12 ||    14
       Sticks to Snakes  |     1 |       ||     1
  Use: Potion            |       |     6 ||     6
       Scroll            |       |     4 ||     4
 Stab: Sleeping          |     1 |       ||     1
  Eat: Chunk             |     2 |     8 ||    10
Armor: Skin              |    24 |    50 ||    74
Dodge: Dodged            |    73 |   157 ||   230
